 Dungeon Crawl Stone Soup version 0.29.1-4-g47bece8355 (webtiles) character file.

Game seed: 6730757699925388846

40 zeram the Sneak (level 3, 0/21 HPs)
             Began as an Octopode Enchanter on Dec 11, 2022.
             Slain by a hobgoblin (1 damage)
             ... on level 3 of the Dungeon.
             The game lasted 00:02:45 (2030 turns).

zeram the Sneak (Octopode Enchanter)                Turns: 2030, Time: 00:02:46

Health: 0/21       AC:  1    Str:  7    XL:     3   Next: 50%
Magic:  6/6        EV: 13    Int: 19    God:
Gold:   140        SH:  0    Dex: 12    Spells: 1/6 levels left

rFire   . . .      SeeInvis .   m - +0 dagger (holy)
rCold   . . .      Faith    .   (no shield)
rNeg    . . .      Spirit   .   (helmet restricted)
rPois   .          Reflect  .   (no amulet)
rElec   .          Harm     .   f - ring of willpower
rCorr   .          Rampage  .   (no ring)
Will    +....                   (no ring)
Stlth   ++++......              (no ring)
HPRegen 0.07/turn               (no ring)
MPRegen 0.10/turn               (no ring)
                                (no ring)
                                (no ring)

@: no status effects
A: almost no armour, amphibious, 8 rings, camouflage 1, gelatinous body 1,
(nimble swimmer 1), tentacles
a: no special abilities


You were on level 3 of the Dungeon.
You visited 1 branch of the dungeon, and saw 3 of its levels.

You collected 140 gold pieces.

Inventory:

Hand Weapons
 a - a +1 dagger
 m - a +0 dagger of holy wrath (weapon)
Jewellery
 f - a ring of willpower (left tentacle)
Scrolls
 c - 2 scrolls of identify
 e - a scroll of vulnerability
Potions
 b - 2 potions of invisibility
 d - a potion of brilliance
 h - a potion of cancellation {unknown}
 j - 2 potions of curing
 k - 2 potions of degeneration
 l - a potion of mutation {unknown}


   Skills:
 + Level 1.2 Short Blades
 + Level 2.4 Dodging
 + Level 4.9 Stealth
 + Level 2.0 Spellcasting
 + Level 3.5 Hexes


You had one spell level left.
You knew the following spells:

 Your Spells              Type           Power      Damage    Failure   Level
a - Ensorcelled Hibernat  Hex/Ice        16%        N/A       12%         2
b - Tukima's Dance        Hex            15%        N/A       12%         3

Your spell library contained the following spells:

 Spells                   Type           Power      Damage    Failure   Level
 Confusing Touch          Hex            15%        N/A       12%         3
 Dazzling Flash           Conj/Hex       16%        N/A       24%         3
 Inner Flame              Hex/Fire       8%         N/A       24%         3
 Cause Fear               Hex            7%         N/A       36%         4
 Fireball                 Conj/Fire      0%         3d3       99%         5
 Iskenderun's Battlesphe  Conj           1%         2d6       99%         5
 Conjure Ball Lightning   Conj/Air       0%         3x3d6     100%        6
 Orb of Destruction       Conj           0%         9d5       100%        7
 Discord                  Hex            7%         N/A       100%        8


Dungeon Overview and Level Annotations

Branches:
Dungeon (3/15)

Altars:


Innate Abilities, Weirdness & Mutations

You cannot wear most types of armour.
You are amphibious.
You can wear up to eight rings at the same time.
Your skin changes colour to match your surroundings (Stealth+).
Your rubbery body absorbs attacks. (AC +1, EV +1)
((You are camouflaged when in or above water. (Stealth+)))
You have tentacles for arms and can constrict up to eight enemies at once.


Message History

You are too injured to fight recklessly!
You are too injured to fight recklessly!
You are too injured to fight recklessly!
Unknown command.
You are too injured to fight recklessly!
You are too injured to fight recklessly!
You hit the goblin but do no damage. Your grab misses the goblin.
You constrict the adder.
You feel sick. The adder completely misses you. The goblin closely misses you.
The goblin barely misses you.
Unknown command.
You hit the adder but do no damage. You squeeze the adder.
You kill the adder!
You feel sick.
You are no longer poisoned.
The goblin hits you with a +0 dagger.
* * * LOW HITPOINT WARNING * * *
The goblin hits you with a +0 club.
* * * LOW HITPOINT WARNING * * *
You feel better. The goblin closely misses you.
The goblin hits you with a +0 club.
* * * LOW HITPOINT WARNING * * *
The goblin attacks as you move away! The goblin hits you but does no damage.
Unknown command.
The goblin attacks as you move away! The goblin closely misses you.
A hobgoblin comes into view.
You barely miss the goblin. Your grab misses the goblin.
Your squeeze misses the goblin. The goblin hits you with a +0 dagger.
* * * LOW HITPOINT WARNING * * *
You hit the goblin. You grab the goblin. You squeeze the goblin.
You kill the goblin!
Unknown command.
You hit the goblin but do no damage. You grab the goblin.
You constrict the goblin. The goblin hits you with a +0 club.
* * * LOW HITPOINT WARNING * * *
You hit the goblin. You squeeze the goblin.
You kill the goblin!
Unknown command.
You hit the hobgoblin but do no damage. Your grab misses the hobgoblin.
The hobgoblin hits you.
You die...

#..........#
#..........#
#..........#
#........).#
#<.........#
#..........#
##..........#
#......#.####
#@######.#
##g######.#
#..........
#..........
...........
###.........
#.........
..........
..........


You could see a hobgoblin.

Vanquished Creatures
  An adder (D:3)
  An orc (D:2)
  4 bats (D:1)
  An endoplasm (D:1)
  5 hobgoblins
  A quokka (D:1)
  A ball python (D:1)
  7 frilled lizards
  5 goblins
  3 kobolds
  3 rats
32 creatures vanquished.

Notes
Turn   | Place    | Note
-------+----------+-------------------------------------------
     0 | D:1      | zeram the Octopode Enchanter began the quest for the Orb.
     0 | D:1      | Reached XP level 1. HP: 11/11 MP: 3/3
   437 | D:1      | Reached XP level 2. HP: 15/17 MP: 5/5
   831 | D:1      | Found a faded altar of an unknown god.
  1617 | D:2      | Reached XP level 3. HP: 21/21 MP: 6/6
  1620 | D:2      | Learned a level 2 spell: Ensorcelled Hibernation
  1624 | D:2      | Learned a level 3 spell: Tukima's Dance
  2028 | D:3      | HP: 1/21 [goblin/+0 club (4)]
  2030 | D:3      | Slain by a hobgoblin

Illustrated notes

Levels and vault maps discovered:
D:1:      dpeg_arrival_brainrot, layout_loops_ring,
          hellmonk_ecumenical_altar_leap_of_faith, serial_bayou,
          serial_bayou_pond_a, serial_bayou_shore_b, serial_bayou_lake_a,
          serial_bayou_ford_a, minmay_tromino_v7
D:2:      layout_basic, serial_corexii_hall, corexii_hall_statues_x,
          corexii_hall_statues_i, minmay_tree_intersection
D:3:      layout_rooms, minmay_goblin_outpost

Action                   || total
-------------------------++-------
Melee: Dagger            ||    60
       Constrict         ||    19
       Tentacles         ||    14
       Punch             ||     1
  Use: Scroll            ||     6
       Potion            ||     1
 Stab: Sleeping          ||    10
Armor: Skin              ||     8
Dodge: Dodged            ||    36
